 Dungeon Crawl Stone Soup version 0.29-a0-982-gaed3a0c8d8 (webtiles) character file.

Game seed: 10169762240897163115

4053 MisterAzrael the Carver (level 10, -20/91 HPs)
             Began as a Minotaur Fighter on Aug 1, 2022.
             Was an Initiate of Yredelemnul.
             Hit by a large rock thrown by a cyclops (36 damage)
             ... on level 6 of the Dungeon.
             The game lasted 00:11:51 (9026 turns).

MisterAzrael the Carver (Minotaur Fighter)          Turns: 9026, Time: 00:11:51

Health: -20/91     AC: 14    Str: 25    XL:     10   Next: 4%
Magic:  11/11      EV:  8    Int:  5    God:    Yredelemnul [......]
Gold:   568        SH:  8    Dex: 12    Spells: 9/9 levels left

rFire   + + .      SeeInvis .   a - +0 long sword
rCold   . . .      Faith    .   B - +0 kite shield
rNeg    . . .      Spirit   .   A - +4 ring mail {rF+}
rPois   +          Reflect  .   (helmet restricted)
rElec   .          Harm     .   (no cloak)
rCorr   .          Rampage  .   v - +2 pair of gloves
Will    .....                   (no boots)
Stlth   ++........              (no amulet)
HPRegen 0.25/turn               l - ring of poison resistance
MPRegen 0.12/turn               f - ring of protection from fire

@: no status effects
A: horns 2, retaliatory headbutt, iridescent scales 1, thin skeletal structure 1
a: Renounce Religion, Recall Undead Harvest


You were on level 6 of the Dungeon.
You worshipped Yredelemnul.
Yredelemnul was noncommittal.
You visited 1 branch of the dungeon, and saw 8 of its levels.

You collected 568 gold pieces.

Inventory:

Hand Weapons
 a - a +0 long sword (weapon)
Missiles
 i - 7 boomerangs
 k - 5 javelins
 y - 2 throwing nets
 z - 9 poisoned darts (quivered)
Armour
 b - a +0 scale mail
 c - a +0 buckler
 v - a +2 pair of gloves (worn)
 A - a +4 ring mail of fire resistance (worn)
 B - a +0 kite shield (worn)
Jewellery
 f - a ring of protection from fire (right hand)
 l - a ring of poison resistance (left hand)
 u - a ring of flight
Wands
 n - a wand of light (3)
Scrolls
 e - 2 scrolls of poison
 g - 3 scrolls of torment
 h - 2 scrolls of enchant armour
 q - a scroll of immolation
 r - a scroll of identify
 t - 2 scrolls of teleportation
Potions
 d - a potion of attraction {unknown}
 j - 2 potions of mutation
 m - 2 potions of heal wounds {unknown}
 o - a potion of haste
 p - 3 potions of degeneration
 s - a potion of might
 w - 5 potions of curing {unknown}
 x - 2 potions of lignification {unknown}


   Skills:
 + Level 9.5 Fighting
 * Level 12.5 Long Blades
 - Level 6.0 Throwing
 - Level 3.6 Armour
 - Level 3.6 Shields
 + Level 3.2 Invocations


You had 9 spell levels left.
You didn't know any spells.
Your spell library contained the following spells:

 Spells                   Type           Power      Damage    Failure   Level
 Apportation              Tloc           0%         N/A       94%         1
 Necrotise                Necr           0%         1d4       94%         1
 Summon Small Mammal      Summ           0%         N/A       94%         1
 Scorch                   Fire           0%         2d5       98%         2
 Call Canine Familiar     Summ           0%         N/A       100%        3
 Dazzling Flash           Conj/Hex       0%         N/A       100%        3
 Ozocubu's Armour         Ice            0%         N/A       100%        3
 Portal Projectile        Hex/Tloc       0%         N/A       100%        3
 Tukima's Dance           Hex            0%         N/A       100%        3
 Corpse Rot               Necr/Pois/Air  0%         N/A       100%        4
 Dispel Undead            Necr           0%         3d6       100%        4
 Flame Wave               Conj/Fire      0%         2d4       100%        4
 Leda's Liquefaction      Hex/Erth       0%         N/A       100%        4
 Passage of Golubria      Tloc           0%         N/A       100%        4
 Agony                    Necr           0%         N/A       100%        5
 Silence                  Hex/Air        0%         N/A       100%        5
 Yara's Violent Unravell  Hex/Tmut       0%         3d3       100%        5
 Summon Cactus Giant      Summ           0%         N/A       100%        6
 Ozocubu's Refrigeration  Ice            0%         4d7       100%        7
 Death Channel            Necr           Unusable   N/A       N/A         6

Dungeon Overview and Level Annotations

Branches:
Dungeon (8/15)             Temple (0/1) D:6
   Lair: D:8-11

Altars:
Ashenzari
Cheibriados
Dithmenos
Fedhas
Kikubaaqudgha
Qazlal
Ru
Uskayaw
Wu Jian
Yredelemnul
Zin

Shops:
D:1 [   D:4 :   D:6 *


Innate Abilities, Weirdness & Mutations

You have a pair of horns on your head.
You reflexively headbutt those who attack you in melee.
You are partially covered in iridescent scales. (AC +2)
You have a somewhat thin skeletal structure. (Dex +2, Stealth+)


Message History

Okay, then.
Your steam dragon zombie barely misses the cyclops.
Your steam dragon zombie claws the cyclops.
You open the door.
The cyclops barely misses your steam dragon zombie.
Your steam dragon zombie bites the cyclops.
Your steam dragon zombie claws the cyclops but does no damage.
The kobold brigand hits you but does no damage.
The cyclops throws a large rock.
The large rock hits your steam dragon zombie!!
Your steam dragon zombie is destroyed!
There is an open door here.
You slash the kobold brigand!
Your headbutt misses the kobold brigand.
The kobold brigand is moderately wounded.
You block the kobold brigand's attack.
You closely miss the kobold brigand.
The kobold brigand is moderately wounded.
The kobold brigand hits you but does no damage.
You slash the kobold brigand!
The kobold brigand is severely wounded.
The kobold brigand barely misses you.
The cyclops throws a large rock.
The large rock hits you!
You hit the kobold brigand.
The kobold brigand is severely wounded.
The kobold brigand barely misses you. You furiously retaliate!
You headbutt the kobold brigand!
You kill the kobold brigand!
The cyclops throws a large rock.
The large rock hits you!!
* * * LOW HITPOINT WARNING * * *
Things that are here:
a +0 quarterstaff; a curare-tipped dart
Aiming: Bolt of Light
Press: ? - help, Shift-Dir - straight line, f - cyclops
Aim: a cyclops, quivering large rocks (lightly wounded, 98% to hit)
Out of range.
Okay, then.
The cyclops throws a large rock.
The large rock hits you!!!
You die...
Your body rises from the dead as a mindless zombie.

≈≈≈≈≈≈≈ #.#...##### ≈≈≈≈≈≈≈
..#..#.#...######## .......
.#..#............# .......
...############.# ...###.
#.....##### #.# ...#
#.........# #.# ...##
#.........# #.# ....#
#.........# #.#
....##.#######.)@..# #.#
.....#.......##'#### #.#
####.#.......##.# #.#
..##.........##.# #.#
..###........##.# #.#
.............##.# #.#
.......#..[..##C# ######.#
......>......##)### ###......#
.......#.####.....###...###..#


You could see a cyclops.

Vanquished Creatures
  Sigmund (D:4)
  A steam dragon (D:6)
  Edmund (D:4)
  2 orc warriors
  2 black bears
  2 ice beasts
  2 ogres
  A centaur (D:7)
  A kobold brigand (D:6)
  A phantom (D:5)
  4 bullfrogs
  A wyvern zombie (D:5)
  5 scorpions
  5 necrophages
  A gnoll sergeant (D:7)
  4 wights
  5 killer bees (D:7)
  3 howler monkeys (D:6)
  A centaur zombie (D:5)
  3 bullfrog zombies (D:5)
  A human zombie (D:5)
  5 hounds
  4 orc priests
  2 jellies
  An iguana (D:4)
  2 scorpion zombies (D:5)
  4 orc wizards
  2 hound zombies (D:5)
  2 mummies (D:5)
  Robin (D:4)
  5 gnolls
  6 adders
  3 white imps (D:7)
  An adder zombie (D:5)
  A worm (D:3)
  5 dart slugs
  21 orcs
  7 bats
  7 endoplasms
  7 giant cockroaches
  9 goblins
  12 hobgoblins
  7 jackals (D:1)
  3 quokkas
  9 ball pythons
  5 frilled lizards
  10 kobolds
  7 rats
195 creatures vanquished.

Vanquished Creatures (collateral kills)
  A wight (D:7)
  A howler monkey (D:6)
  A jelly (D:6)
  A hound (D:7)
  A gnoll (D:6)
  2 orcs
7 creatures vanquished.

Vanquished Creatures (others)
  An ogre (D:6)
  A bullfrog zombie (D:6)
  A black bear zombie (D:6)
  A scorpion zombie (D:6)
  2 hound zombies (D:6)
  3 howler monkey zombies (D:6)
  A steam dragon zombie (D:6)
  2 adder zombies (D:6)
  2 jelly zombies (D:6)
  2 spectral white imps (D:7)
  An orc (D:6)
  A gnoll zombie (D:6)
  2 orc zombies (D:6)
  3 bushes (D:5)
  12 plants (D:5)
35 creatures vanquished.

Grand Total: 237 creatures vanquished

Notes
Turn   | Place    | Note
-------+----------+-------------------------------------------
     0 | D:1      | MisterAzrael the Minotaur Fighter began the quest for the
                  | Orb.
     0 | D:1      | Reached XP level 1. HP: 19/19 MP: 0/0
    70 | D:1      | Reached skill level 3 in Long Blades
    72 | D:1      | Reached XP level 2. HP: 23/27 MP: 1/1
   486 | D:1      | Reached XP level 3. HP: 30/33 MP: 2/2
   599 | D:1      | Found Dokh's Antique Armour Shop.
   770 | D:1      | Found a faded altar of an unknown god.
   930 | D:2      | Reached skill level 4 in Long Blades
  1688 | D:2      | Reached XP level 4. HP: 40/41 MP: 3/3
  1807 | D:3      | Reached skill level 1 in Throwing
  1818 | D:3      | Noticed a scorpion
  1831 | D:3      | Killed a scorpion
  1832 | D:3      | Reached skill level 5 in Long Blades
  1834 | D:3      | Reached XP level 5. HP: 26/46 MP: 4/4
  2082 | D:3      | Found an ancient bone altar of Kikubaaqudgha.
  2312 | D:3      | Reached skill level 5 in Fighting
  2825 | D:3      | Reached XP level 6. HP: 31/56 MP: 5/5
  3014 | D:4      | Noticed Sigmund
  3020 | D:4      | Killed Sigmund
  3021 | D:4      | Reached skill level 6 in Long Blades
  3139 | D:4      | Noticed Edmund
  3167 | D:4      | Killed Edmund
  3168 | D:4      | Reached skill level 7 in Long Blades
  3168 | D:4      | Reached XP level 7. HP: 18/62 MP: 6/6
  3333 | D:4      | Found a broken altar of Ashenzari.
  3409 | D:4      | Found a sacrificial altar of Ru.
  3418 | D:4      | Identified the +6 chain mail of Tender Moments {Harm rN+
                  | Dex+4 Slay-4}
  3609 | D:4      | Found a shadowy altar of Dithmenos.
  3677 | D:4      | Found Byfrotut's Tremendous Tomes.
  3732 | D:4      | Found a snail-covered altar of Cheibriados.
  3784 | D:4      | Gained mutation: You are partially covered in iridescent
                  | scales. (AC +2) [potion of mutation]
  3784 | D:4      | Gained mutation: You have a somewhat thin skeletal
                  | structure. (Dex +2, Stealth+) [potion of mutation]
  3788 | D:4      | HP: 3/64 [something/puff of flame (1)]
  3921 | D:4      | Found a hide-covered altar of Uskayaw.
  3930 | D:4      | Reached skill level 8 in Long Blades
  4159 | D:4      | Noticed Robin
  4172 | D:4      | Killed Robin
  4383 | D:5      | Entered Level 5 of the Dungeon
  4496 | D:5      | Reached XP level 8. HP: 71/71 MP: 7/7
  5008 | D:5      | Reached skill level 9 in Long Blades
  5098 | D:5      | Found a basalt altar of Yredelemnul.
  5133 | D:5      | Became a worshipper of Yredelemnul the Dark
  5390 | D:5      | Reached skill level 5 in Throwing
  5657 | D:5      | Reached skill level 10 in Long Blades
  5746 | D:5      | Found a blossoming altar of Fedhas.
  5823 | D:6      | Found a staircase to the Ecumenical Temple.
  5832 | D:6      | Reached XP level 9. HP: 78/81 MP: 8/8
  5868 | D:6      | Reached * piety under Yredelemnul
  5956 | D:6      | Reached ** piety under Yredelemnul
  6039 | D:6      | Reached *** piety under Yredelemnul
  6049 | D:6      | Found a stormy altar of Qazlal.
  6291 | D:6      | Reached skill level 11 in Long Blades
  6293 | D:6      | Noticed a cyclops
  6294 | D:6      | Reached **** piety under Yredelemnul
  6835 | D:7      | Reached skill level 1 in Invocations
  6992 | D:7      | Found an ornate altar of the Wu Jian Council.
  7539 | D:7      | Reached skill level 12 in Long Blades
  8618 | D:7      | Identified the +3 leather armour of the True Pharaoh {Harm
                  | rElec Regen+ Slay-2}
  8774 | D:6      | Found Zin's Purification Station.
  8777 | D:6      | Found a glowing silver altar of Zin.
  8821 | D:6      | Reached XP level 10. HP: 61/91 MP: 11/11
  9026 | D:6      | Hit by a large rock thrown by a cyclops

Illustrated notes

Levels and vault maps discovered:
D:1:      dpeg_arrival_radiant, layout_basic,
          hellmonk_ecumenical_altar_leap_of_faith, serial_shops,
          nicolae_shop_advertising_works [nicolae_subvault_shop_adworks],
          grunt_decor_resistance
D:2:      minmay_recursive_quarters, layout_basic
D:3:      layout_loops_ring, nicolae_overflow_hidden_temple
D:4:      layout_basic, lemuel_coloured_pillars_altar, old_standard_altar,
          hangedman_ru_absence, kennysheep_mini,
          nicolae_uskayaw_murder_on_the_dancefloor,
          nicolae_ossuary_entry_false_entrances, nicolae_shop_i_like_big_books,
          st_stairs_8, kennysheep_generic_room_15, uniq_robin, uniq_sigmund,
          uniq_edmund
D:5:      layout_loops_ring, fedhas_altar_decomposition,
          lemuel_mausoleum_altar_yredelemnul
D:6:      lemuel_castle_with_subvaults [lemuel_castle_interior_original],
          layout_basic, nicolae_qazlal_general_emergency, zin_purify,
          minmay_temple_entry_crystal_x
D:7:      minmay_inner_zag, layout_layer_cave,
          mainiacjoe_overflow_concentric_impassable, eino_jars
D:8:      layout_gridville, kennysheep_mini_moat,
          nicolae_hepliaklqana_monster_ancestors, grunt_gozag_breadcrumbs,
          minmay_misc_feat_five

Skill      XL: |  1  2  3  4  5  6  7  8  9 |
---------------+----------------------------+-----
Long Blades    | 3 4 5 7 8 10 12 | 12.5
Fighting       | 4 5 6 8 9 |  9.5
Throwing       | 1 2 3 4 5 6 |  6.0
Invocations    | 3 |  3.2
Armour         | |  3.6
Shields        | |  3.6

Action                   |  1- 3 |  4- 6 |  7- 9 | 10-12 || total
-------------------------+-------+-------+-------+-------++-------
Melee: Long sword        |   100 |   105 |   464 |    15 ||   684
       Headbutt          |     9 |    20 |    86 |     4 ||   119
Throw: Boomerang         |    18 |       |       |       ||    18
       Dart              |       |     3 |     1 |       ||     4
Invok: Recall Undead Har |       |       |     1 |       ||     1
  Use: Potion            |       |     2 |    10 |       ||    12
       Scroll            |       |       |     8 |       ||     8
 Stab: Sleeping          |       |       |     6 |       ||     6
       Distracted        |       |       |     1 |       ||     1
Armor: Scale mail        |    55 |    60 |     2 |       ||   117
       Ring mail         |       |       |   247 |     4 ||   251
Dodge: Dodged            |    46 |    47 |   136 |     5 ||   234
Block: Buckler           |    27 |    28 |     3 |       ||    58
       Kite shield       |       |       |   178 |     6 ||   184

Table legend: (Time is in decaauts)
 A = Elapsed time spent in this place.
 B = Non-inter-level travel time spent in this place.
 C = Inter-level travel time spent in this place.
 D = Time resting spent in this place.
 E = Time spent auto-exploring this place.
 F = Levels seen in this place.
 G = Mean time per level.
                   A        B        C        D        E       F      G
               +--------+--------+--------+--------+--------+-----+--------+
         Total |   9106 |   8862 |    244 |   1088 |   6098 |   8 | 1138.2 |
       Dungeon |   9106 |   8862 |    244 |   1088 |   6098 |   8 | 1138.2 |
               +--------+--------+--------+--------+--------+-----+--------+

Top non-repeatable levels by time:
     D:7: 2350 daAuts
     D:5: 1447 daAuts
     D:4: 1436 daAuts
     D:3: 1195 daAuts
     D:1: 933 daAuts
     D:2: 879 daAuts
     D:6: 862 daAuts
     D:8: 1 daAuts
